 Dungeon Crawl Stone Soup version 0.27-a0-1137-g3ef0f4ec91 (webtiles) character file.

Game seed: 15590499414441396078

1 jantan the Magician (level 1, 0/11 HPs)
             Began as a Deep Elf Transmuter on May 6, 2021.
             Slain by a jackal (1 damage)
             ... on level 1 of the Dungeon.
             The game lasted 00:00:16 (43 turns).

jantan the Magician (Deep Elf Transmuter)             Turns: 43, Time: 00:00:16

Health: 0/11       AC:  2    Str:  7    XL:     1   Next: 16%
Magic:  6/6        EV: 12    Int: 17    God:
Gold:   0          SH:  0    Dex: 15    Spells: 5/6 levels left

rFire    . . .     SeeInvis .     - Unarmed
rCold    . . .     Faith    .   (no shield)
rNeg     . . .     Spirit   .   a - +0 robe
rPois    .         Reflect  .   (no helmet)
rElec    .         Harm     .   (no cloak)
rCorr    .         Rampage  .   (no gloves)
Will     .....                  (no boots)
Stlth    +.........             (no amulet)
HPRegen  0.03/turn              (no ring)
MPRegen  0.10/turn              (no ring)

@: no status effects
A: no striking features
a: no special abilities


You were on level 1 of the Dungeon.
You visited 1 branch of the dungeon, and saw 1 of its levels.

Inventory:

Armour
 a - a +0 robe (worn)


   Skills:
 + Level 0.7 Fighting
 + Level 2.4 Dodging
 + Level 2.4 Unarmed Combat
 + Level 3.0 Spellcasting
 + Level 2.2 Transmutations


You had 5 spell levels left.
You knew the following spells:

 Your Spells              Type           Power      Damage    Failure   Level
a - Beastly Appendage     Tmut           20%        N/A       7%          1

Your spell library contained the following spells:

 Spells                   Type           Power      Damage    Failure   Level
 Wereblood                Tmut           10%        N/A       11%         2
 Spider Form              Tmut/Pois      3%         N/A       32%         3
 Ice Form                 Ice/Tmut       6%         N/A       73%         4
 Hydra Form               Tmut           5%         N/A       89%         5


Dungeon Overview and Level Annotations

Branches:
Dungeon (1/15)

Altars:


Message History

2 jackals come into view.
The jackal barks! x2
A jackal comes into view. x2
You hear an angry hiss.
The jackal barks!
The jackal closely misses you. The jackal bites you. The jackal misses you.
The jackal barely misses you.
You closely miss the jackal. The jackal barely misses you. x2
You hit the jackal.
The jackal is lightly wounded.
The jackal bites you. The jackal closely misses you. The jackal misses you.
You hit the jackal.
The jackal is moderately wounded.
The jackal bites you. x2; The jackal barely misses you.
You barely miss the jackal.
The jackal is moderately wounded.
The jackal misses you. The jackal bites you. The jackal barely misses you.
You hit the jackal.
You kill the jackal!
The jackal barely misses you. x3; The jackal completely misses you.
You barely miss the jackal.
The jackal bites you but does no damage. x2
The jackal barely misses you. x2
You hit the jackal but do no damage. The jackal bites you.
The jackal closely misses you. The jackal bites you.
* * * LOW HITPOINT WARNING * * *
You hit the jackal.
The jackal is severely wounded.
The jackal bites you.
* * * LOW HITPOINT WARNING * * *
The jackal bites you but does no damage.
The jackal closely misses you.
The jackal bites you but does no damage.
The jackal barely misses you. The jackal bites you.
* * * LOW HITPOINT WARNING * * *
The jackal barely misses you.
Unknown command.
The jackal bites you.
You die...

#.# #.#....##.....#
###..##.####..#.....#
...#....# ##.......#
#..##..## ####'####
##......# #...#
####...# #...# #..h.#
###...### #..hh#
#<......# #..@.#
#.......#
#....#.............#
#....+......⌠.(....+
##...#.............#
....####.......####
#....# #.......#
#....# ###...###
#....#


You could see 3 jackals.

Vanquished Creatures
  A jackal (D:1)
1 creature vanquished.

Notes
Turn   | Place    | Note
-------+----------+-------------------------------------------
     0 | D:1      | jantan the Deep Elf Transmuter began the quest for the Orb.
     0 | D:1      | Reached XP level 1. HP: 11/11 MP: 6/6
    43 | D:1      | Slain by a jackal

Illustrated notes

Levels and vault maps discovered:
D:1:      minmay_arrival_cross, layout_rooms

Action                   || total
-------------------------++-------
Melee: Unarmed           ||     8
Armor: Robe              ||     4
Dodge: Dodged            ||    20

Table legend: (Time is in decaauts)
 A = Elapsed time spent in this place.
 B = Non-inter-level travel time spent in this place.
 C = Inter-level travel time spent in this place.
 D = Time resting spent in this place.
 E = Time spent auto-exploring this place.
 F = Levels seen in this place.
 G = Mean time per level.
                   A        B        C        D        E       F      G
               +--------+--------+--------+--------+--------+-----+--------+
         Total |     42 |     42 |      0 |      0 |      0 |   1 |   42.0 |
       Dungeon |     42 |     42 |      0 |      0 |      0 |   1 |   42.0 |
               +--------+--------+--------+--------+--------+-----+--------+

Top non-repeatable levels by time:
     D:1: 42 daAuts
